 Dungeon Crawl Stone Soup version 0.24.0-1-gfbc8707 (webtiles) character file.

Game seed: 9483421823111537106, levelgen mode: deterministic

3439 shmeve the Cleaver (level 9, -1/84 (85) HPs)
             Began as a Minotaur Berserker on Nov 5, 2019.
             Was an Elder of Trog.
             Slain by a scorpion (5 damage)
             ... on level 8 of the Dungeon.
             The game lasted 00:10:22 (6916 turns).

shmeve the Cleaver (Minotaur Berserker)             Turns: 6916, Time: 00:10:22

HP:   -1/84 (85)    AC: 13    Str: 22    XL:     9   Next: 77%
MP:   8/8           EV:  9    Int:  6    God:    Trog [****..]
Gold: 279           SH:  0    Dex: 11    Spells: 8/8 levels left

rFire    . . .     SeeInvis .   B - +0 battleaxe
rCold    . . .     Gourm    .   (shield currently unavailable)
rNeg     . . .     Faith    .   l - +0 plate armour
rPois    .         Spirit   .   (helmet restricted)
rElec    .         Reflect  .   (no cloak)
rCorr    .         Harm     .   (no gloves)
MR       .....                  (no boots)
Stlth    ..........             (no amulet)
HPRegen  0.24/turn              (no ring)
MPRegen  0.11/turn              (no ring)

@: lethally poisoned (-1 -> -4)
A: retaliatory headbutt, horns 2
a: Berserk, Trog's Hand, Brothers in Arms, Renounce Religion


You were on level 8 of the Dungeon.
You worshipped Trog.
Trog was greatly pleased with you.
You were very hungry.

You visited 2 branches of the dungeon, and saw 9 of its levels.

You collected 279 gold pieces.

Inventory:

Hand Weapons
 B - a +0 battleaxe (weapon)
 C - a +0 war axe
Missiles
 x - 2 silver boomerangs (quivered)
 A - 2 javelins
Armour
 l - a +0 plate armour (worn)
Jewellery
 y - an uncursed amulet of guardian spirit
Wands
 o - a wand of flame (23)
 v - a wand of acid (7)
Scrolls
 b - 2 scrolls of blinking
 d - 3 scrolls of teleportation
 e - 6 scrolls of remove curse
 f - 3 scrolls of immolation {unknown}
 g - 6 scrolls of magic mapping {unknown}
 i - 2 scrolls of amnesia {unknown}
 j - 8 scrolls of identify {unknown}
 z - a scroll of random uselessness {unknown}
 E - a scroll of enchant weapon {unknown}
Potions
 a - a potion of mutation {unknown}
 h - a potion of lignification {unknown}
 k - 2 potions of haste
 m - a potion of ambrosia {unknown}
 n - a potion of flight {unknown}
 p - 3 potions of curing
 q - a potion of berserk rage {unknown}
 r - a potion of degeneration {unknown}
 s - a potion of heal wounds {unknown}
 t - a potion of agility
 u - a potion of brilliance {unknown}
 w - a potion of magic {unknown}
Comestibles
 c - 14 rations


   Skills:
 * Level 9.6 Fighting
 * Level 9.7 Axes
 + Level 5.0 Throwing
 + Level 6.7 Armour
 + Level 6.1 Dodging


You had 8 spell levels left.
You didn't know any spells.
Your spell library was empty.

Dungeon Overview and Level Annotations

Branches:
Dungeon (8/15)             Temple (1/1) D:4
   Lair: D:8-11

Altars:
Elyvilon
Gozag
Kikubaaqudgha
Okawaru
Vehumet
Zin

Annotations:
D:8 Joseph


Innate Abilities, Weirdness & Mutations

You reflexively headbutt those who attack you in melee.
You have a pair of horns on your head.


Message History

You feel sick. Joseph hits you with a +0 quarterstaff!
* * * LOW HITPOINT WARNING * * *
The scorpion barely misses you.
The scorpion stings you but does no damage.
You feel sick.
The scorpion stings you but does no damage.
Joseph misses you. The scorpion barely misses you.
You feel sick. The scorpion completely misses you.
Joseph completely misses you. The scorpion barely misses you.
The scorpion stings you.
* * * LOW HITPOINT WARNING * * *
Joseph hits you but does no damage. The scorpion completely misses you.
* * * LOW HITPOINT WARNING * * *
You feel sick. The scorpion misses you.
Joseph zaps a wand.
You easily resist.
The scorpion closely misses you.
You stop sporulating.
Your +0 battleaxe unmelds from your body.
Your +0 plate armour unmelds from your body.
The scorpion stings you.
You die...

##########
#........#
#........#
######.%......#
......@@......####
..?...ss..........
..............#.
P.........<...#
..............#
(.....##+#+####
...... ....>. ....


You could see Joseph and 2 scorpions.

Vanquished Creatures
  A troll (D:7)
  2 hippogriffs (D:7)
  Sigmund (D:5)
  Menkaure (D:5)
  Edmund (D:4)
  Duvessa (D:5)
  2 orc warriors (D:7)
  An ice beast (D:5)
  A black bear (D:6)
  3 ogres
  A necrophage (D:6)
  A big kobold (D:7)
  Blork the orc (D:5)
  A bullfrog (D:6)
  Dowan (D:5)
  A water moccasin zombie (D:5)
  2 scorpions (D:7)
  5 killer bees (D:7)
  2 howler monkeys (D:7)
  A centaur zombie (D:7)
  7 orc wizards
  A centaur skeleton (D:7)
  A gnoll shaman (D:7)
  5 orc priests
  5 hounds
  A jelly (D:6)
  An iguana (D:6)
  4 worker ants
  A hound zombie (D:6)
  6 gnolls
  5 adders
  A shadow imp (D:5)
  2 oozes
  2 adder skeletons
  A dart slug (D:2)
  3 leopard geckos
  29 orcs
  3 ball pythons
  6 giant cockroaches
  13 goblins
  6 hobgoblins
  6 jackals
  3 quokkas
  A ball python skeleton (D:4)
  3 bats
  4 frilled lizards
  11 kobolds
  8 rats
169 creatures vanquished.

Notes
Turn   | Place    | Note
-------+----------+-------------------------------------------
     0 | D:1      | shmeve the Minotaur Berserker began the quest for the Orb.
     0 | D:1      | Reached XP level 1. HP: 19/19 MP: 0/0
   129 | D:1      | Reached XP level 2. HP: 23/27 MP: 1/1
   542 | D:1      | Reached XP level 3. HP: 28/33 MP: 2/2
   767 | D:2      | Reached skill level 1 in Throwing
   917 | D:2      | Reached ** piety under Trog
  1927 | D:3      | Reached XP level 4. HP: 40/41 MP: 3/3
  2670 | D:4      | Noticed an ogre
  2678 | D:4      | Killed an ogre
  2678 | D:4      | Reached skill level 5 in Fighting
  2678 | D:4      | Reached skill level 5 in Axes
  2678 | D:4      | Reached XP level 5. HP: 15/48 MP: 4/4
  2906 | D:4      | Found an opulent altar of Gozag.
  2906 | D:4      | Found a radiant altar of Vehumet.
  2937 | D:4      | Found a staircase to the Ecumenical Temple.
  2958 | Temple   | Entered the Ecumenical Temple
  2996 | D:4      | Found an ancient bone altar of Kikubaaqudgha.
  2996 | D:4      | Noticed a human
  3017 | D:4      | Noticed Edmund
  3027 | D:4      | Killed Edmund
  3027 | D:4      | Reached XP level 6. HP: 56/56 MP: 5/5
  3066 | D:4      | Found a glowing silver altar of Zin.
  3257 | D:5      | Entered Level 5 of the Dungeon
  3368 | D:5      | Noticed Menkaure
  3374 | D:5      | Killed Menkaure
  3374 | D:5      | Reached XP level 7. HP: 62/62 MP: 6/6
  3454 | D:5      | Noticed Sigmund
  3459 | D:5      | Killed Sigmund
  3730 | D:5      | Noticed Blork the orc
  3739 | D:5      | Killed Blork the orc
  3799 | D:5      | Reached XP level 8. HP: 39/71 MP: 7/7
  4097 | D:5      | Noticed Duvessa
  4100 | D:5      | Noticed Dowan
  4115 | D:5      | Killed Duvessa
  4122 | D:5      | Killed Dowan
  4347 | D:5      | Reached *** piety under Trog
  4408 | D:5      | Reached skill level 5 in Armour
  4901 | D:6      | Found a white marble altar of Elyvilon.
  4983 | D:6      | Reached skill level 5 in Dodging
  5160 | D:6      | Received a gift from Trog
  5567 | D:7      | Reached XP level 9. HP: 69/81 MP: 8/8
  6181 | D:7      | Noticed a troll
  6190 | D:7      | Killed a troll
  6190 | D:7      | Reached **** piety under Trog
  6540 | D:7      | Reached skill level 5 in Throwing
  6755 | D:7      | Found an iron altar of Okawaru.
  6887 | D:8      | Noticed Joseph
  6914 | D:8      | HP: 4/84 [scorpion (4)]
  6916 | D:8      | Slain by a scorpion

Levels and vault maps discovered:
D:1:      minmay_arrival_up_and_down, layout_basic
D:2:      layout_basic, kennysheep_generic_room_4
D:3:      layout_loops_ring
D:4:      wad_lake_hut, layout_basic, zin_scriptorium,
          gammafunk_temple_overflow_wave, temple_green, first_ration,
          tgw_kikubaaqudgha, uniq_edmund
D:5:      layout_gridville, uniq_duvessa, uniq_sigmund, uniq_menkaure,
          uniq_blork_the_orc
D:6:      layout_rooms, old_standard_altar
D:7:      layout_cave_pools, overflow_temple_1_default
D:8:      layout_basic, slow_altar_1, grunt_lair_entry_orc_guard_hut,
          ebering_ghost_xom, serial_shops, nicolae_shop_trees, uniq_joseph
Temple:   regret_index_temple_sphere_string

Skill      XL: |  1  2  3  4  5  6  7  8  9 |
---------------+----------------------------+-----
Fighting       | 4 5 6 8 9 |  9.6
Axes           | 4 5 6 7 8 9 |  9.7
Throwing       | 1 2 3 4 5 |  5.0
Armour         | 3 4 5 6 |  6.7
Dodging        | 3 4 5 6 |  6.1

Action                   |  1- 3 |  4- 6 |  7- 9 || total
-------------------------+-------+-------+-------++-------
Melee: Hand axe          |    94 |    50 |   212 ||   356
       Headbutt          |    10 |    13 |    42 ||    65
       War axe           |       |       |    81 ||    81
Throw: Boomerang         |       |       |    10 ||    10
Invok: Berserk           |       |     2 |    11 ||    13
  Use: Scroll            |       |       |     3 ||     3
  Eat: Chunk             |     3 |     2 |    19 ||    24
       Ration            |       |     1 |     1 ||     2
Armor: Animal skin       |    10 |       |       ||    10
       Plate armour      |    34 |    20 |   205 ||   259
       Skin              |       |       |     9 ||     9
Dodge: Dodged            |    59 |    19 |   166 ||   244
